 Dungeon Crawl Stone Soup version 0.28-a0-863-g8cecda6153 (webtiles) character file.

Game seed: 1925827599454665987

10090 ytrimaz the Cleaver (level 11, -3/97 HPs)
             Began as a Formicid Fighter on Nov 18, 2021.
             Was an Initiate of Ru.
             Slain by Snorg (11 damage)
             ... on level 10 of the Dungeon.
             The game lasted 00:13:34 (10293 turns).

ytrimaz the Cleaver (Formicid Fighter)             Turns: 10293, Time: 00:13:35

Health: -3/97      AC: 16    Str: 25    XL:     11   Next: 86%
Magic:  11/11      EV: 10    Int:  7    God:    Ru [......]
Gold:   727        SH:  6    Dex: 10    Spells: 10/10 levels left

rFire   . . .      SeeInvis +   a - +0 war axe (venom)
rCold   . . .      Faith    .   c - +0 buckler
rNeg    + + .      Spirit   .   b - +0 scale mail
rPois   +          Reflect  .   (helmet unavailable)
rElec   .          Harm     .   (no cloak)
rCorr   .          Rampage  .   z - +0 pair of gloves
Will    .....                   r - +1 pair of boots of Silly Music {rPois rN++ Will- Regen+}
Stlth   ..........              (no amulet)
HPRegen 1.26/turn               i - +4 ring of protection
MPRegen 0.12/turn               (no ring)

@: no status effects
A: permanent stasis, dig shafts and tunnels, antennae 3, four strong arms,
robust 1, wild magic 2
a: Dig, Shaft Self, Renounce Religion


You were on level 10 of the Dungeon.
You worshipped Ru.
Ru was noncommittal.
You visited 2 branches of the dungeon, and saw 13 of its levels.
You also visited: Sewer.

You collected 727 gold pieces.

Inventory:

Hand Weapons
 a - a +0 war axe of venom (weapon)
 A - a +2 war axe of flaming
 C - the +7 hand axe "Seref" {venom, Int+8}
   (You took it off an orc on level 8 of the Dungeon)

   It poisons the flesh of those it strikes.
   Int:       It affects your intelligence (+8).
Missiles
 e - 8 javelins
 o - 5 silver boomerangs (quivered)
Armour
 b - a +0 scale mail (worn)
 c - a +0 buckler (worn)
 j - a +1 kite shield
 r - the +1 pair of boots of Silly Music (worn) {rPois rN++ Will- Regen+}
   (You found it on level 4 of the Dungeon)

   rPois:     It protects you from poison.
   rN:        It greatly protects you from negative energy.
   Regen:     It increases your rate of health regeneration.
   Will:      It decreases your willpower.
 z - a +0 pair of gloves (worn)
Jewellery
 d - a ring of protection from fire
 h - a ring of ice
 i - a +4 ring of protection (left hand)
 v - a ring of resist corrosion
 y - a ring of flight
 D - a ring of protection from fire
Wands
 n - a wand of polymorph (9)
 u - a wand of flame (22)
Scrolls
 l - 2 scrolls of fear
 t - 3 scrolls of enchant armour
 w - 2 scrolls of fog
 x - 2 scrolls of enchant weapon
Potions
 f - 2 potions of curing
 g - a potion of lignification {unknown}
 k - 5 potions of attraction
 m - 2 potions of magic {unknown}
 p - a potion of cancellation {unknown}
 s - a potion of ambrosia {unknown}
 B - a potion of degeneration {unknown}


   Skills:
 * Level 9.4 Fighting
 + Level 10.3 Axes
 * Level 6.2 Throwing
 * Level 9.8 Armour
 - Level 9.0 Shields


You had 10 spell levels left.
You didn't know any spells.
Your spell library contained the following spells:

 Spells                   Type           Power      Damage    Failure   Level
 Foxfire                  Conj/Fire      0%         2x1d4     82%         1
 Magic Dart               Conj           0%         1d3       82%         1
 Sting                    Tmut/Pois      0%         1d3       82%         1
 Call Imp                 Summ           0%         N/A       91%         2
 Poisonous Vapours        Pois/Air       0%         N/A       91%         2
 Conjure Flame            Conj/Fire      0%         6-21      99%         3
 Inner Flame              Hex/Fire       0%         N/A       99%         3
 Mephitic Cloud           Conj/Pois/Air  0%         N/A       99%         3
 Portal Projectile        Hex/Tloc       0%         N/A       99%         3
 Stone Arrow              Conj/Erth      0%         3d7       99%         3
 Animate Armour           Summ/Erth      0%         N/A       100%        4
 Flame Wave               Conj/Fire      0%         3d3       100%        4
 Olgreb's Toxic Radiance  Pois           0%         N/A       100%        4
 Blade Hands              Tmut           0%         N/A       100%        5
 Excruciating Wounds      Necr           0%         N/A       100%        5
 Lehudib's Crystal Spear  Conj/Erth      0%         10d2      100%        8


Dungeon Overview and Level Annotations

Branches:
Dungeon (12/15)            Temple (1/1) D:6           Sewer (visited)
   Lair: D:8-11         Orc: D:9-12

Altars:
Ashenzari
Cheibriados
Dithmenos
Elyvilon
Fedhas
Gozag
Hepliaklqana
Kikubaaqudgha
Makhleb
Nemelex Xobeh
Okawaru
Qazlal
Ru
Sif Muna
Trog
Uskayaw
Vehumet
Wu Jian
Xom
Yredelemnul
Zin
The Shining One

Shops:
D:3 :

Annotations:
D:10 1 runed translucent door, Snorg


Innate Abilities, Weirdness & Mutations

You cannot be hasted, slowed, berserked, paralysed or teleported.
You can dig through walls and to a lower floor.
You have a pair of large antennae on your head. (SInv)
Your four strong arms can wield two-handed weapons with a shield.
You are robust. (+10% HP)
Your spells are harder to cast, but more powerful.


Message History

You slice Snorg!!
Snorg looks as sick as possible!
Snorg is moderately wounded.
You block Snorg's attack. Snorg claws you. You block Snorg's attack.
You slice Snorg!!
Snorg is heavily wounded.
Snorg goes berserk!
You slash Snorg!
Snorg looks as sick as possible!
Snorg is heavily wounded.
Snorg bites you! You block Snorg's attack. Snorg claws you.
Snorg bites you but does no damage. You block Snorg's attack. Snorg claws you!
You hit Snorg.
Snorg is heavily wounded.
Snorg bites you! Snorg misses you. Snorg claws you!
You are too injured to fight recklessly!
Snorg barely misses you. Snorg claws you! Snorg claws you but does no damage.
Snorg bites you but does no damage. You block Snorg's attack.
Snorg barely misses you. Snorg barely misses you. Snorg claws you! x2
* * * LOW HITPOINT WARNING * * *
You feel better. Snorg bites you.
* * * LOW HITPOINT WARNING * * *
Snorg barely misses you. Snorg claws you.
* * * LOW HITPOINT WARNING * * *
Snorg bites you but does no damage. Snorg claws you!
* * * LOW HITPOINT WARNING * * *
You block Snorg's attack.
You feel better. You block Snorg's attack. Snorg claws you!
* * * LOW HITPOINT WARNING * * *
Snorg barely misses you.
Unknown command.
Okay, then.
Okay, then.
Okay, then.
Unknown command.
You can't see any enemies this would affect, really read the scroll of fear?
Okay, then.
As you read the scroll of summoning, it crumbles to dust.
Wisps of shadow whirl around you... Snorg barely misses you. x2
Snorg claws you!
You die...

#..# #.. ....> #..# ...
..... ##..########
..########## #...........
........... ##.##########
$......... #...........#
......... #..########.#
#........ #..#
#z############.# #..#
#zzoz@Tz....)..#
#..#######################
#...............#
#.#############.#
#.............#.#
##########.#..#.#
####.#..#.# #....#..#.#
#.........#


You could see Snorg (berserk, very poisoned, ally target), 5 friendly wights and
a friendly orc priest (summoned).

Vanquished Creatures
  A two-headed ogre (D:10)
  An ugly thing (D:11)
  A manticore (D:12)
  A cyclops (D:12)
  Psyche (D:10)
  Maggie (D:7)
  4 polar bears (D:8)
  A dream sheep (D:8)
  8 yaks
  3 wyverns
  A steam dragon (D:9)
  2 water moccasins (D:6)
  A hornet zombie (D:8)
  2 ice beasts (D:7)
  3 orc warriors
  8 black bears
  An ogre (D:5)
  2 necrophages
  A wolf (D:8)
  4 centaurs
  A kobold brigand (D:9)
  2 bullfrogs (D:6)
  A water moccasin zombie (D:7)
  A gnoll sergeant (D:5)
  5 scorpions
  A wyvern skeleton (D:7)
  11 wights
  6 howler monkeys
  2 bullfrog zombies (D:6)
  5 centaur zombies
  5 hounds
  2 orc priests
  A centaur skeleton (D:5)
  A gnoll shaman (D:6)
  3 bullfrog skeletons (D:6)
  A jelly (D:6)
  Ijyb (D:5)
  An iguana (D:6)
  5 orc wizards
  Natasha (thrice) (D:3)
  5 howler monkey zombies
  4 adders
  9 gnolls
  A shadow imp (D:7)
  2 white imps
  6 dart slugs
  22 orcs
  5 endoplasms
  4 giant cockroaches
  14 goblins
  12 hobgoblins
  6 jackals (Sewer)
  16 kobolds
  5 quokkas
  8 ball pythons
  9 bats
  8 frilled lizards
  5 rats
246 creatures vanquished.

Vanquished Creatures (collateral kills)
  Eustachio (D:4)
1 creature vanquished.

Vanquished Creatures (others)
  8 plants (Sewer)
8 creatures vanquished.

Grand Total: 255 creatures vanquished

Notes
Turn   | Place    | Note
-------+----------+-------------------------------------------
     0 | D:1      | ytrimaz the Formicid Fighter began the quest for the Orb.
     0 | D:1      | Reached XP level 1. HP: 18/18 MP: 1/1
   147 | D:1      | Reached XP level 2. HP: 24/24 MP: 2/2
   423 | D:1      | Reached XP level 3. HP: 29/29 MP: 3/3
   818 | D:1      | Found a faded altar of an unknown god.
  1253 | D:2      | Reached skill level 3 in Axes
  1253 | D:2      | Reached XP level 4. HP: 33/36 MP: 4/4
  2090 | D:3      | Noticed Natasha
  2100 | D:3      | Killed Natasha
  2452 | D:3      | Found Vuniwyw's Book Shoppe.
  2491 | D:3      | Reached XP level 5. HP: 37/42 MP: 5/5
  2521 | D:3      | Noticed Natasha
  2529 | D:3      | Killed Natasha
  2670 | D:3      | Noticed Natasha
  2681 | D:3      | Killed Natasha
  2987 | D:4      | Reached XP level 6. HP: 43/48 MP: 6/6
  3036 | D:4      | Reached skill level 4 in Axes
  3312 | D:4      | Found a glowing drain.
  3322 | Sewer    | Entered a sewer
  3725 | Sewer    | Reached skill level 5 in Armour
  3725 | Sewer    | Reached skill level 5 in Shields
  3725 | Sewer    | Reached XP level 7. HP: 51/55 MP: 7/7
  4011 | D:4      | Noticed Eustachio
  4028 | D:4      | Killed Eustachio
  4029 | D:4      | Reached skill level 1 in Throwing
  4160 | D:4      | Identified the +1 pair of boots of Silly Music {rPois rN++
                  | Will- Regen+}
  4440 | D:5      | Entered Level 5 of the Dungeon
  4617 | D:5      | Noticed Ijyb
  4631 | D:5      | Killed Ijyb
  4632 | D:5      | Reached skill level 5 in Axes
  4692 | D:5      | Found a shimmering blue altar of Sif Muna.
  4921 | D:5      | Reached XP level 8. HP: 61/61 MP: 8/8
  5375 | D:5      | Reached skill level 5 in Fighting
  5613 | D:6      | Reached skill level 6 in Axes
  5783 | D:6      | Reached XP level 9. HP: 41/68 MP: 9/9
  5847 | D:6      | Found a staircase to the Ecumenical Temple.
  5847 | D:6      | Found a broken altar of Ashenzari.
  5958 | D:6      | Reached skill level 7 in Axes
  6119 | D:7      | Noticed Maggie
  6131 | D:7      | Killed Maggie
  6414 | D:7      | Reached XP level 10. HP: 76/77 MP: 10/10
  6431 | D:7      | You fall into a shaft and drop 1 floor!
  6581 | D:7      | Reached skill level 8 in Axes
  6992 | D:8      | Identified the +7 hand axe "Seref" {venom, Int+8}
  7122 | D:8      | Found a huge runed translucent gate.
  7122 | D:8      | Found a huge runed translucent gate.
  7122 | D:8      | Found a huge runed translucent gate.
  7122 | D:8      | Found a huge runed translucent gate.
  7685 | D:8      | Reached skill level 5 in Throwing
  7713 | D:8      | Reached skill level 9 in Axes
  7713 | D:8      | Reached XP level 11. HP: 68/86 MP: 11/11
  8219 | D:9      | Gained mutation: Your muscles are strong. (Str +2) [potion
                  | of mutation]
  8219 | D:9      | Gained mutation: Your body sometimes deteriorates upon
                  | taking damage. [potion of mutation]
  8219 | D:9      | Gained mutation: Armour fits poorly on your strangely
                  | shaped body. [potion of mutation]
  8219 | D:9      | Gained mutation: Your spells are a little harder to cast,
                  | but a little more powerful. [potion of mutation]
  8220 | D:9      | Lost mutation: Your muscles are strong. (Str +2) [potion of
                  | mutation]
  8220 | D:9      | Lost mutation: Your body sometimes deteriorates upon taking
                  | damage. [potion of mutation]
  8220 | D:9      | Lost mutation: Armour fits poorly on your strangely shaped
                  | body. [potion of mutation]
  8220 | D:9      | Lost mutation: Your spells are a little harder to cast, but
                  | a little more powerful. [potion of mutation]
  8220 | D:9      | Gained mutation: Your spells are a little harder to cast,
                  | but a little more powerful. [potion of mutation]
  8220 | D:9      | Gained mutation: You are robust. (+10% HP) [potion of
                  | mutation]
  8220 | D:9      | Gained mutation: Your spells are harder to cast, but more
                  | powerful. [potion of mutation]
  8921 | D:10     | Entered Level 10 of the Dungeon
  8995 | D:10     | Noticed a two-headed ogre
  9005 | D:10     | Killed a two-headed ogre
  9073 | D:10     | You fall into a shaft and drop 2 floors!
  9073 | D:12     | Noticed a manticore
  9080 | D:12     | Killed a manticore
  9147 | D:10     | Found a runed translucent door.
  9296 | Temple   | Entered the Ecumenical Temple
  9574 | Temple   | Became a worshipper of Ru the Awakened
  9653 | D:10     | Noticed Psyche
  9663 | D:10     | Killed Psyche
  9731 | D:10     | You fall into a shaft and drop 2 floors!
  9764 | D:12     | Noticed a cyclops
  9795 | D:12     | Killed a cyclops
  9802 | D:12     | Reached skill level 10 in Axes
  9922 | D:11     | Noticed a red ugly thing
  9947 | D:11     | Killed a red ugly thing
 10273 | D:10     | Noticed Snorg
 10293 | D:10     | Slain by Snorg

Illustrated notes

Levels and vault maps discovered:
D:1:      ebering_trefoil_twist, layout_basic,
          dilly_ecumenical_altar_fadedgnrine
D:2:      layout_basic
D:3:      kennysheep_the_goblin_king, layout_loops_ring, serial_glass,
          glass_columns_a, glass_columns_b, glass_columns_a, glass_columns_a,
          glass_columns_a, glass_columns_a, serial_shops,
          nicolae_shop_advertising_works [nicolae_subvault_shop_adworks],
          minmay_between, uniq_natasha
D:4:      layout_cave_pools, cheibrodos_sewer_entry_drain, uniq_eustachio
D:5:      layout_basic, lemuel_round_altar, kennysheep_minor_cross,
          kennysheep_donut, uniq_ijyb
D:6:      layout_rooms, minmay_temple_entry_offerings, minmay_ruined_shrine
D:7:      layout_cave_pods, uniq_maggie
D:8:      lemuel_bear_cage, layout_rooms, serial_aquarium,
          aquarium_bridge_square [aquarium_subvault_wall,
          aquarium_subvault_window, aquarium_subvault_bridge,
          aquarium_subvault_window], aquarium_window_double, aquarium_window_2,
          aquarium_window_1, aquarium_view_2g, kennysheep_generic_room_4
D:9:      layout_cave_pods
D:10:     layout_basic, lair_entry_dummy, lightli_church_of_beogh, uniq_snorg,
          uniq_urug, uniq_psyche
D:11:     hangedman_cross_stitches, layout_cave_pools,
          maelrawn_ghost_gauntlet_escape
D:12:     layout_stronghold, orc_0_dummy, minivault_14
Temple:   roderic_octagonal_lattice_temple

Skill      XL: |  1  2  3  4  5  6  7  8  9 10 11 |
---------------+----------------------------------+-----
Shields        | 4 5 6 8 9 |  9.0
Axes           | 3 4 5 6 7 9 10 | 10.3
Armour         | 4 5 7 9 |  9.8
Fighting       | 4 5 6 8 9 |  9.4
Throwing       | 1 2 4 5 6 |  6.2

Action                   |  1- 3 |  4- 6 |  7- 9 | 10-12 || total
-------------------------+-------+-------+-------+-------++-------
Melee: War axe           |   105 |   188 |   231 |   328 ||   852
       Hand axe          |       |       |       |    11 ||    11
  Use: Scroll            |     1 |     6 |     4 |     4 ||    15
       Potion            |       |     2 |       |     8 ||    10
 Stab: Distracted        |       |       |     1 |       ||     1
Armor: Scale mail        |    57 |    98 |   165 |   225 ||   545
Dodge: Dodged            |    52 |   112 |   104 |   193 ||   461
Block: Buckler           |    27 |    48 |    66 |   120 ||   261

Table legend: (Time is in decaauts)
 A = Elapsed time spent in this place.
 B = Non-inter-level travel time spent in this place.
 C = Inter-level travel time spent in this place.
 D = Time resting spent in this place.
 E = Time spent auto-exploring this place.
 F = Levels seen in this place.
 G = Mean time per level.
                   A        B        C        D        E       F      G
               +--------+--------+--------+--------+--------+-----+--------+
         Total |  10623 |  10091 |    532 |    736 |   7074 |  14 |  758.8 |
       Dungeon |   9468 |   8963 |    505 |    736 |   6149 |  12 |  789.0 |
        Temple |    296 |    269 |     27 |      0 |    246 |   1 |  296.0 |
         Sewer |    858 |    858 |      0 |      0 |    679 |   1 |  858.0 |
               +--------+--------+--------+--------+--------+-----+--------+

Top non-repeatable levels by time:
     D:3: 1189 daAuts
     D:5: 1113 daAuts
     D:8: 1012 daAuts
     D:1: 972 daAuts
     D:9: 956 daAuts
     D:2: 895 daAuts
     D:7: 874 daAuts
   Sewer: 858 daAuts
     D:4: 797 daAuts
     D:6: 683 daAuts
    D:10: 588 daAuts
  Temple: 296 daAuts
    D:12: 200 daAuts
    D:11: 184 daAuts
